 Dungeon Crawl Stone Soup version 0.30-a0-172-gc5509c9e31 (webtiles) character file.

Game seed: 906067222719147355

2 spaghetti the Grave Robber (level 1, -1/9 HPs)
             Began as a Vine Stalker Necromancer on Oct 2, 2022.
             Slain by a ball python (2 damage)
             ... on level 1 of the Dungeon.
             The game lasted 00:00:30 (107 turns).

spaghetti the Grave Robber (VSNe)                    Turns: 107, Time: 00:00:31

Health: -1/9       AC:  2    Str: 10    XL:     1   Next: 40%
Magic:  0/4        EV:  9    Int: 15    God:
Gold:   8          SH:  0    Dex: 14    Spells: 3/4 levels left

rFire   . . .      SeeInvis .    (no weapon)
rCold   . . .      Faith    .    (no shield)
rNeg    . . .      Spirit   +    a - +0 robe
rPois   .          Reflect  .    (no helmet)
rElec   .          Harm     .    (no cloak)
rCorr   .          Rampage  .    (no gloves)
Will    .....                    (no boots)
Stlth   ++........               (no amulet)
HPRegen 0.21/turn                (no ring)
MPRegen 0.09/turn                (no ring)

@: constricted
A: fangs 2, magic shield, antimagic bite, no potion heal 2
a: no special abilities


You were on level 1 of the Dungeon.
You visited 1 branch of the dungeon, and saw 1 of its levels.

You collected 8 gold pieces.


Innate Abilities, Weirdness & Mutations

You have extremely sharp teeth.
When hurt, damage is shared between your health and your magic reserves.
Your bite disrupts and absorbs the magic of your enemies.
Potions cannot restore your health.


   Skills:
 + Level 1.6 Dodging
 + Level 2.5 Stealth
 + Level 2.2 Spellcasting
 + Level 4.0 Necromancy


You had 3 spell levels left.
You knew the following spells:

 Your Spells              Type           Power      Damage    Failure   Level
a - Necrotise             Necr           52%        1d6       4%          1

Your spell library contained the following spells:

 Spells                   Type           Power      Damage    Failure   Level
 Vampiric Draining        Necr           13%        2d6       12%         3
 Animate Dead             Necr           13%        N/A       38%         4
 Agony                    Necr           13%        N/A       75%         5

Inventory:

Armour
 a - a +0 robe (worn)

Dungeon Overview and Level Annotations

Branches:
Dungeon (1/15) Zot: 5892

Altars:

#####+## .......
#.....# #.....#
#!....# #$....#
#.###SZ...# #
#....B@.#.# .#
#######.#.###.###
#.#.#......
#........# ..##
#........# ......
#........##
......#
#..........
......#
#.#.####...
.....# #.#.# ..


You could see a giant cockroach (ally target), a ball python and a friendly bat
skeleton.


Message History

Confirm with . or Enter, or press ? or * to list all spells.
You can't see any susceptible monsters within range! (Use Z to cast anyway.)
A giant cockroach and a ball python come into view.
The ball python hisses angrily. 😎 MP[+1]
Your mp is fully restored (4).
There are monsters nearby!
There are monsters nearby!
There are monsters nearby!
There are monsters nearby!
You hit the giant cockroach but do no damage.
Your bat skeleton hits the giant cockroach but does no damage.
The giant cockroach closely misses you.
Your bat skeleton hits the giant cockroach but does no damage.
The giant cockroach barely misses you.
Your bat skeleton hits the giant cockroach but does no damage.
You closely miss the ball python.
Your bat skeleton closely misses the giant cockroach.
The ball python closely misses you. The ball python grabs you.
The ball python constricts you.
Your bat skeleton barely misses the giant cockroach.
The giant cockroach bites you but does no damage.
Casting: Necrotise (safe; 4% risk of failure)
Confirm with . or Enter, or press ? or * to list all spells.
Aiming: Necrotise (safe; 4% risk of failure)
Press: ? - help, Shift-Dir - straight line, f - giant cockroach
Aim: a giant cockroach (ally target, chance to affect: 83%)
The giant cockroach writhes in agony.
Your bat skeleton barely misses the giant cockroach.
Your bat skeleton hits the giant cockroach but does no damage.
The ball python bites you. The ball python constricts you.
Your bat skeleton closely misses the giant cockroach.
The giant cockroach barely misses you. The ball python barely misses you.
The ball python constricts you. 😕 HP[-2] MP[-3]
You take 2 damage, and now have 7/9 hp.
MASSIVE DAMAGE!! (PAUSE)
You lost 3 mp, and now have 1/4 mp.
Casting: Necrotise (safe; 4% risk of failure)
Confirm with . or Enter, or press ? or * to list all spells.
Aiming: Necrotise (safe; 4% risk of failure)
Press: ? - help, Shift-Dir - straight line, f/p - giant cockroach
Aim: a giant cockroach (moderately wounded, ally target, chance to affect: 83%)
The giant cockroach writhes in agony.
Your bat skeleton misses the giant cockroach.
Your bat skeleton closely misses the giant cockroach.
The giant cockroach bites you.
Your bat skeleton hits the giant cockroach but does no damage.
The ball python bites you.
* * * LOW HITPOINT WARNING * * *
The ball python constricts you. 😨 HP[-4] MP[-1]
You take 4 damage, and now have 3/9 hp.
MASSIVE DAMAGE!! (PAUSE)
You lost 1 mp, and now have 0/4 mp.
Casting: Necrotise (safe; 4% risk of failure)
Confirm with . or Enter, or press ? or * to list all spells.
You don't have enough magic to cast this spell.
You hit the giant cockroach but do no damage.
Your bite misses the giant cockroach.
Your bat skeleton barely misses the giant cockroach.
Your bat skeleton hits the giant cockroach but does no damage.
The giant cockroach bites your bat skeleton.
The ball python bites you but does no damage.
The ball python constricts you.
Your bat skeleton hits the giant cockroach but does no damage. 😨 HP[+1]
You closely miss the giant cockroach. Your bite misses the giant cockroach.
Your bat skeleton hits the giant cockroach but does no damage.
The giant cockroach bites you but does no damage.
Your bat skeleton barely misses the giant cockroach.
The ball python bites you but does no damage.
The ball python constricts you.
* * * LOW HITPOINT WARNING * * *
The giant cockroach bites you.
* * * LOW HITPOINT WARNING * * *
Your bat skeleton hits the giant cockroach but does no damage. 😱 HP[-2]
You take 2 damage, and now have 2/9 hp.
MASSIVE DAMAGE!! (PAUSE) Magic courses through your body.
Your bat skeleton barely misses the giant cockroach.
The ball python bites you.
* * * LOW HITPOINT WARNING * * *
The ball python constricts you.
Your bat skeleton barely misses the giant cockroach.
The giant cockroach bites you. 😱 HP[-1] MP[+1]
You take 1 damage, and now have 1/9 hp.
Casting: Necrotise (safe; 4% risk of failure)
Confirm with . or Enter, or press ? or * to list all spells.
Aiming: Necrotise (safe; 4% risk of failure)
Press: ? - help, Shift-Dir - straight line, f - ball python, p - giant cockroach
Aim: a ball python (constricting you, chance to affect: 83%)
The ball python writhes in agony.
Your bat skeleton closely misses the giant cockroach.
Your bat skeleton barely misses the giant cockroach.
The ball python bites you.
You die...

Action                   || total
-------------------------++-------
Melee: Unarmed           ||     5
 Cast: Necrotise         ||     7
  Use: Potion            ||     1
 Stab: Sleeping          ||     1
Armor: Robe              ||     5
Dodge: Dodged            ||    12

Levels and vault maps discovered:
D:1:      reono_arrival_mine, layout_basic,
          dreamdust_ecumenical_altar_angels_and_demons

Notes
Turn   | Place    | Note
-------+----------+-------------------------------------------
     0 | D:1      | spaghetti the Vine Stalker Necromancer began the quest for
                  | the Orb.
     0 | D:1      | Reached XP level 1. HP: 9/9 MP: 4/4
     0 | D:1      | magus.rc [v1.9.6]
   105 | D:1      | HP: 2/9 [giant cockroach (1)]
   107 | D:1      | Slain by a ball python

Vanquished Creatures
  2 bats (D:1)
  A rat (D:1)
3 creatures vanquished.

Table legend:
 A = Non-vault XP
 B = Vault XP
 C = Vault XP percentage of total XP
 D = Non-vault monster count
 E = Vault monster count
 F = Vault count percentage of total count
                 A         B        C        D         E       F
            +---------+---------+-------+---------+---------+-------
      Total |       4 |       0 |   0.0 |       3 |       0 |   0.0
            +---------+---------+-------+---------+---------+-------
        D:1 |       4 |       0 |   0.0 |       3 |       0 |   0.0
            +---------+---------+-------+---------+---------+-------

Illustrated notes

Table legend:
 A = Kills in this place as a percentage of kills in entire the game.
 B = Kills by you in this place as a percentage of kills by you in the entire game.
 C = Kills by friends in this place as a percentage of kills by friends in the entire game.
 D = Other kills in this place as a percentage of other kills in the entire game.
 E = Experience gained in this place as a percentage of experience gained in the entire game.
 F = Experience gained in this place divided by the number of levels of this place that you have seen.
                   A       B       C       D       E      F
               +-------+-------+-------+-------+-------+----------------------
         Total | 100.0 | 100.0 |   N/A |   N/A | 100.0 |   4.0
       Dungeon | 100.0 | 100.0 |   N/A |   N/A | 100.0 |   4.0
               +-------+-------+-------+-------+-------+----------------------

Table legend: (Time is in decaauts)
 A = Elapsed time spent in this place.
 B = Non-inter-level travel time spent in this place.
 C = Inter-level travel time spent in this place.
 D = Time resting spent in this place.
 E = Time spent auto-exploring this place.
 F = Levels seen in this place.
 G = Mean time per level.
                   A        B        C        D        E       F      G
               +--------+--------+--------+--------+--------+-----+--------+
         Total |    107 |    107 |      0 |      0 |     83 |   1 |  107.0 |
       Dungeon |    107 |    107 |      0 |      0 |     83 |   1 |  107.0 |
               +--------+--------+--------+--------+--------+-----+--------+

Top non-repeatable levels by time:
     D:1: 107 daAuts
